 Dungeon Crawl Stone Soup version 0.29.1-14-g9c671dbff4 (webtiles) character file.

Game seed: 13236816660688237685

18449 st0uf2x the Fighter (level 12, -5/106 HPs)
             Began as a Grey Draconian Transmuter on Feb 15, 2023.
             Was the Champion of Okawaru.
             Slain by an ettin
             ... wielding a +0 dire flail
              (21 damage)
             ... on level 1 of the Orcish Mines on Feb 16, 2023.
             The game lasted 01:27:45 (18683 turns).

st0uf2x the Fighter (Grey Draconian Transmuter)    Turns: 18683, Time: 01:27:46

Health: -5/106     AC: 18    Str: 19      XL:     12   Next: 27%
Magic:  19/25      EV: 17    Int: 22      God:    Okawaru [******]
Gold:   741        SH:  0    Dex: 10 (11) Spells: 19/30 levels left

rFire   . . .      SeeInvis .     - Unarmed
rCold   . . .      Faith    .   (shield currently unavailable)
rNeg    + . .      Spirit   .   (body armour unavailable)
rPois   .          Reflect  .   d - +0 hat "Veninwib" {rN+ Str+3 Int+6}
rElec   .          Harm     .   t - scarf {repulsion}
rCorr   .          Rampage  .   (gloves currently unavailable)
Will    .....                   Q - +0 pair of boots
Stlth   +.........              (no amulet)
HPRegen 0.27/turn               J - +4 ring of protection
MPRegen 0.19/turn               R - +4 ring of evasion

@: blade hands, wereblooded, repel missiles
A: AC +13, amphibious, unfitting armour, cold-blooded
a: End Transformation, Renounce Religion, Heroism, Finesse, Duel


You were on level 1 of the Orcish Mines.
You worshipped Okawaru.
Okawaru was exalted by your worship.
You had blades for hands.
You visited 3 branches of the dungeon, and saw 15 of its levels.

You collected 741 gold pieces.

Inventory:

Hand Weapons
 C - the +10 short sword "Wabbita" {venom, MP+9 Dex+3}
   (You found it on level 5 of the Dungeon)

   It poisons the flesh of those it strikes.
   Dex:       It affects your dexterity (+3).
   MP:        It affects your magic capacity (+9).
 Z - a +3 scimitar of flaming
Missiles
 D - 88 stones
 F - 26 poisoned darts (quivered)
 L - 2 atropa-tipped darts
Armour
 d - the +0 hat "Veninwib" (worn) {rN+ Str+3 Int+6}
   (Okawaru gifted it to you on level 11 of the Dungeon)

   Str:       It affects your strength (+3).
   Int:       It affects your intelligence (+6).
   rN:        It protects you from negative energy.
 t - a scarf of repulsion (worn)
 Q - a +0 pair of boots (worn)
 U - a +2 pair of gloves (melded)
Magical Staves
 h - a staff of poison
 A - a staff of air
 B - a staff of earth
Jewellery
 m - a ring of fire
 q - a ring of fire
 w - a ring of willpower
 J - a +4 ring of protection (left blade hand)
 K - a ring of protection from cold
 M - a +6 ring of dexterity
 O - an amulet of faith
 R - a +4 ring of evasion (right blade hand)
Wands
 n - a wand of flame (36)
 p - a wand of roots (11)
 v - a wand of mindburst (22)
 y - a wand of quicksilver (1)
 G - a wand of paralysis (10)
 V - a wand of polymorph (3)
Scrolls
 b - 2 scrolls of teleportation
 c - 4 scrolls of poison
 g - 3 scrolls of enchant armour
 k - a scroll of enchant weapon
 l - a scroll of summoning
 r - 3 scrolls of amnesia
 u - 4 scrolls of fear
 z - 4 scrolls of magic mapping
 E - 2 scrolls of acquirement
 H - 3 scrolls of brand weapon
 I - a scroll of torment {unknown}
 N - a scroll of immolation
 S - a scroll of butterflies {unknown}
 X - 3 scrolls of identify
 Y - a scroll of silence
Potions
 a - 3 potions of lignification
 e - 3 potions of heal wounds
 f - 2 potions of attraction
 i - 4 potions of flight
 j - 4 potions of haste
 o - 7 potions of curing
 s - a potion of mutation {unknown}
 x - a potion of invisibility
 W - a potion of magic
Miscellaneous
 P - a phial of floods
 T - a tin of tremorstones (2/2)


   Skills:
 - Level 10.0 Fighting
 - Level 5.0 Dodging
 + Level 8.1 Unarmed Combat
 + Level 9.9 Spellcasting
 - Level 10.0 Transmutations
 - Level 4.4 Earth Magic
 - Level 6.0 Invocations
 - Level 2.4 Evocations


You had 19 spell levels left.
You knew the following spells:

 Your Spells              Type           Power      Damage    Failure   Level
a - Beastly Appendage     Tmut           100%       N/A       7%          1
b - Wereblood             Tmut           53%        N/A       8%          2
c - Spider Form           Tmut/Pois      32%        N/A       22%         3
d - Blade Hands           Tmut           26%        N/A       24%         5

Your spell library contained the following spells:

 Spells                   Type           Power      Damage    Failure   Level
 Magic Dart               Conj           40%        1d5       36%         1
 Ice Form                 Ice/Tmut       32%        N/A       41%         4
 Sublimation of Blood     Necr           10%        N/A       45%         2
 Dazzling Flash           Conj/Hex       20%        N/A       61%         3
 Gell's Gravitas          Tloc           10%        N/A       61%         3
 Mephitic Cloud           Conj/Pois/Air  10%        N/A       61%         3
 Portal Projectile        Hex/Tloc       20%        N/A       61%         3
 Teleport Other           Tloc           10%        N/A       61%         3
 Yara's Violent Unravell  Hex/Tmut       16%        3d8       65%         5
 Iskenderun's Mystic Bla  Conj/Tloc      10%        2d4       88%         4
 Passage of Golubria      Tloc           10%        N/A       88%         4
 Borgnjor's Vile Clutch   Necr/Erth      10%        N/A       90%         5
 Dispersal                Tloc           5%         N/A       100%        6
 Iron Shot                Conj/Erth      10%        9d3       100%        6
 Starburst                Conj/Fire      5%         6d4       100%        6
 Storm Form               Tmut/Air       16%        N/A       100%        7
 Disjunction              Tloc           5%         N/A       100%        8
 Maxwell's Capacitive Co  Air            5%         ∞         100%        8
 Call Imp                 Summ           Unusable   N/A       N/A         2
 Tukima's Dance           Hex            Unusable   N/A       N/A         3
 Animate Armour           Summ/Erth      Unusable   N/A       N/A         4
 Animate Dead             Necr           Unusable   N/A       N/A         4
 Summon Lightning Spire   Summ/Air       Unusable   N/A       N/A         4
 Death Channel            Necr           Unusable   N/A       N/A         6
 Summon Hydra             Summ           Unusable   N/A       N/A         7

Dungeon Overview and Level Annotations

Branches:
Dungeon (13/15)            Temple (0/1) D:4            Lair (1/5) D:10
    Orc (1/2) D:9          Vaults (0/5) D:13

Altars:
Dithmenos
Elyvilon
Fedhas
Nemelex Xobeh
Okawaru
Sif Muna
Uskayaw
Vehumet
Wu Jian
Xom
Yredelemnul
Zin

Shops:
D:9 ?[(   D:12 *

Annotations:
D:5 2 runed translucent doors
D:11 2 transporters
Lair:1 3 runed translucent doors, Nosoc's ghost, journeyman NaIE


Innate Abilities, Weirdness & Mutations

You have blades for hands.
Your spellcasting is less reliable in this form.
You are incapable of wielding weapons or throwing items.
Your dull iron-grey scales are very hard. (AC +13)
You are amphibious.
You cannot fit into any form of body armour.
You are cold-blooded and may be slowed by cold attacks.


Message History

Beogh smites you!
Casting: Wereblood (safe; 1% risk of failure)
Confirm with . or Enter, or press ? or * to list all spells.
Your hands turn into razor-sharp scythe blades.
Your +2 pair of gloves melds into your body.
The orc wizard mumbles some strange words.
The orc wizard flickers and vanishes!
Deactivating autopickup; reactivate with Ctrl-A.
You slice the orc!!
You feel a bit better.
You kill the orc!
Okawaru accepts your kill.
You slice the warg!!
Your tail-slap misses the warg.
The warg is almost dead.
An orc comes into view. It is wielding a +0 club.
An ogre comes into view. It is wielding a +0 giant spiked club.
The warg closely misses you.
The ogre shouts!
You slice the warg!!
You feel a bit better.
You kill the warg!
Okawaru accepts your kill.
A puff of flame appears from out of thin air!
The puff of flame is repelled.
You hit the ettin. You tail-slap the ettin.
The ettin is lightly wounded.
The ettin misses you. The ettin barely misses you.
The orc priest hits you but does no damage.
You hit the ettin but do no damage. You tail-slap the ettin!
The ettin is moderately wounded.
The ettin hits you with a +0 dire flail!
The ettin hits you with a +0 dire flail!!
The orc hits you but does no damage.
You are electrocuted!
The orc warrior hits you from afar with a +2 trident of flaming!
The orc warrior burns you.
The orc priest hits you with a +0 short sword.
You slice the ettin!!
The ettin is heavily wounded.
The ettin hits you with a +0 dire flail!!
* * * LOW HITPOINT WARNING * * *
The ettin hits you with a +0 dire flail!!
You die...

##.............
..#.#.#.....#.$
...#...........
..#....o.......
...............
........o......
......oo.......
......>@C......
.......o.......
...............
...............
##.O...........
...$...........
...............
...........$...


You could see an ettin, an orc warrior, an ogre, an orc priest and 3 orcs.

Vanquished Creatures
  A hydra (Lair:1)
  A boulder beetle (Lair:1)
  3 two-headed ogres
  The ghost of Galthrax the Skirmisher, a novice KoHu (D:7)
  An oklob plant (D:10)
  2 cyclopes (D:11)
  A black mamba (Lair:1)
  Joseph (Lair:1)
  2 cane toads (Lair:1)
  A gargoyle (D:11)
  2 komodo dragons
  2 kobold demonologists (D:9)
  An efreet (D:13)
  3 trolls
  Sigmund (D:5)
  Eustachio (D:5)
  2 shadows
  2 vampires
  3 wyverns
  A basilisk (D:12)
  9 yaks
  7 steam dragons
  Grum (Lair:1)
  A warg (Orc:1)
  2 acid dragons (D:10)
  A two-headed ogre zombie (D:9)
  5 water moccasins
  4 orc warriors
  A sky beast (D:7)
  An ice beast (D:5)
  3 black bears
  3 ogres
  4 centaurs
  8 wolves (Lair:1)
  3 phantoms
  3 kobold brigands
  3 bullfrogs
  A gnoll sergeant (D:11)
  2 necrophages (D:8)
  14 wights
  3 troll zombies (D:9)
  14 killer bees
  2 electric eels
  3 howler monkeys
  6 quasits (D:7)
  3 hounds
  4 jellies
  A gnoll bouda (D:6)
  4 orc priests
  Jessica (D:3)
  8 iguanas
  7 orc wizards
  4 ogre zombies (D:9)
  11 gnolls
  5 adders
  6 shadow imps (D:7)
  3 white imps
  3 ufetubi
  4 worms
  A dart slug (D:4)
  30 orcs
  2 endoplasms
  A giant cockroach (D:1)
  4 hobgoblins
  2 jackals (D:1)
  2 quokkas
  8 ball pythons
  5 bats
  2 frilled lizards
  10 goblins
  2 goblin skeletons (D:9)
  2 goblin zombies (D:9)
  A hobgoblin skeleton (D:9)
  4 hobgoblin zombies (D:9)
  17 kobolds
  2 orc skeletons (D:9)
  13 orc zombies (D:9)
  8 rats
316 creatures vanquished.

Vanquished Creatures (others)
  2 demonic plants (D:7)
  10 fungi (Lair:1)
  10 plants
22 creatures vanquished.

Grand Total: 338 creatures vanquished

Notes
Turn   | Place    | Note
-------+----------+-------------------------------------------
     0 | D:1      | st0uf2x the Draconian Transmuter began the quest for the
                  | Orb.
     0 | D:1      | Reached XP level 1. HP: 16/16 MP: 3/3
   423 | D:1      | Reached XP level 2. HP: 23/23 MP: 3/5
   928 | D:1      | HP: 1/24 [gnoll/+0 spear (4)]
   931 | D:1      | Reached XP level 3. HP: 2/29 MP: 4/6
  1795 | D:2      | Reached XP level 4. HP: 31/34 MP: 5/7
  2342 | D:2      | Found a faded altar of an unknown god.
  2786 | D:3      | Reached XP level 5. HP: 40/44 MP: 7/9
  2934 | D:3      | Noticed Jessica
  2952 | D:3      | Killed Jessica
  3144 | D:3      | Found an iron altar of Okawaru.
  3170 | D:3      | Became a worshipper of Warmaster Okawaru
  3190 | D:3      | Found a blossoming altar of Fedhas.
  3364 | D:3      | Found a shadowy altar of Dithmenos.
  3863 | D:4      | Reached XP level 6. HP: 48/51 MP: 8/10
  3885 | D:4      | Found a staircase to the Ecumenical Temple.
  3906 | D:4      | Reached skill level 1 in Invocations
  4375 | D:4      | Noticed a water moccasin
  4384 | D:5      | Entered Level 5 of the Dungeon
  4440 | D:5      | Found a basalt altar of Yredelemnul.
  4440 | D:5      | Found a hide-covered altar of Uskayaw.
  4454 | D:5      | Noticed an ice beast
  4472 | D:5      | Killed an ice beast
  4472 | D:5      | Reached * piety under Okawaru
  4768 | D:5      | Your scales start taking on a dull iron-grey colour.
  4768 | D:5      | Reached XP level 7. HP: 52/58 MP: 12/12
  4772 | D:5      | Noticed Sigmund
  4791 | D:5      | Killed Sigmund
  5056 | D:5      | Reached skill level 5 in Unarmed Combat
  5160 | D:5      | Found a sparkling altar of Nemelex Xobeh.
  5220 | D:5      | Noticed Eustachio
  5258 | D:5      | Found a large runed translucent door.
  5258 | D:5      | Found a large runed translucent door.
  5296 | D:5      | Noticed a steam dragon
  5296 | D:5      | Noticed a yak
  5311 | D:5      | Found a large runed translucent door.
  5311 | D:5      | Found a large runed translucent door.
  5321 | D:5      | Learned a level 2 spell: Wereblood
  5325 | D:5      | Learned a level 3 spell: Spider Form
  5428 | D:5      | Reached XP level 8. HP: 40/67 MP: 11/14
  5441 | D:5      | Reached ** piety under Okawaru
  5593 | D:5      | Reached skill level 5 in Fighting
  5593 | D:5      | Reached skill level 5 in Transmutations
  5669 | D:5      | Identified the +10 short sword "Wabbita" {venom, MP+9
                  | Dex+3}
  6147 | D:6      | Reached skill level 5 in Spellcasting
  6218 | D:6      | Reached *** piety under Okawaru
  6312 | D:6      | Found a glowing silver altar of Zin.
  6435 | D:6      | Got Mauczibb's Atlas of Dislocation
  6554 | D:6      | Found a white marble altar of Elyvilon.
  7243 | D:7      | Reached XP level 9. HP: 75/75 MP: 14/16
  7251 | D:7      | Reached skill level 5 in Invocations
  7319 | D:7      | Noticed Galthrax's ghost (novice KoHu)
  7808 | D:7      | Found a transporter.
  8000 | D:5      | Killed Eustachio
  8410 | D:4      | Found a radiant altar of Vehumet.
  8569 | D:7      | Reached **** piety under Okawaru
  9481 | D:8      | Reached XP level 10. HP: 54/88 MP: 20/20
 10314 | D:9      | Found Xutoynk's Magic Scroll Shoppe.
 10321 | D:8      | Received a gift from Okawaru
 10364 | D:9      | Found a shimmering altar of Xom.
 10465 | D:9      | Found Yjamagg's Armour Boutique.
 10570 | D:9      | Noticed a sixfirhy
 10571 | D:9      | Noticed a smoke demon
 10578 | D:9      | Noticed a smoke demon
 10578 | D:9      | Noticed a smoke demon
 10589 | D:9      | Found Daifom's Weapon Boutique.
 10590 | D:9      | Found a staircase to the Orcish Mines.
 11154 | D:9      | Noticed a smoke demon
 11155 | D:9      | Reached ***** piety under Okawaru
 11344 | D:9      | Found a shimmering blue altar of Sif Muna.
 11569 | D:9      | Reached skill level 1 in Earth Magic
 11724 | D:9      | Identified the +5 hand axe of Inference {pain, rC+ Dex+4}
 12460 | D:10     | Entered Level 10 of the Dungeon
 12519 | D:10     | Reached XP level 11. HP: 46/97 MP: 22/22
 12721 | D:10     | Noticed an oklob plant
 12724 | D:10     | Found a staircase to the Lair.
 12764 | D:10     | Noticed a two-headed ogre
 12772 | D:10     | Killed a two-headed ogre
 12773 | D:10     | Reached skill level 1 in Evocations
 13813 | D:10     | Killed an oklob plant
 13865 | D:11     | Found a transporter.
 13865 | D:11     | Found a transporter.
 13865 | D:11     | Noticed a boulder beetle
 13865 | D:11     | Noticed a boulder beetle
 13907 | D:11     | Learned a level 5 spell: Blade Hands
 13961 | D:11     | Identified the +0 hat "Veninwib" {rN+ Str+3 Int+6} (Okawaru
                  | gifted it to you on level 11 of the Dungeon)
 13961 | D:11     | Received a gift from Okawaru
 14146 | D:11     | Reached skill level 5 in Dodging
 14216 | D:11     | Noticed a two-headed ogre
 14225 | D:11     | Killed a two-headed ogre
 14228 | D:11     | Reached skill level 10 in Fighting
 14698 | D:12     | Found Niqow's General Store.
 15228 | D:12     | Noticed a two-headed ogre
 15237 | D:12     | Killed a two-headed ogre
 15532 | D:13     | Identified 2 scrolls of acquirement
 15649 | D:13     | Noticed a +5 long sword
 15650 | D:13     | Found a gate to the Vaults.
 15650 | D:13     | Noticed a +3 long sword
 15998 | Lair:1   | Entered Level 1 of the Lair of Beasts
 16097 | Lair:1   | Noticed Joseph
 16107 | Lair:1   | Killed Joseph
 16113 | Lair:1   | Found an ornate altar of the Wu Jian Council.
 16116 | Lair:1   | Noticed a boulder beetle
 16119 | Lair:1   | Found a hide-covered altar of Uskayaw.
 16138 | Lair:1   | Killed a boulder beetle
 16168 | Lair:1   | Noticed an eight-headed hydra
 16705 | Lair:1   | Found a runed translucent gate.
 16706 | Lair:1   | Found a runed translucent gate.
 16706 | Lair:1   | Found a runed translucent gate.
 16708 | Lair:1   | Noticed Nosoc's ghost (journeyman NaIE)
 17158 | Lair:1   | Reached XP level 12. HP: 106/106 MP: 20/25
 17361 | Lair:1   | Noticed Grum
 17374 | Lair:1   | Killed Grum
 17820 | Lair:1   | Killed a one-headed hydra
 18315 | D:5      | Reached ****** piety under Okawaru
 18387 | D:7      | Found a transporter.
 18433 | D:7      | Killed Galthrax's ghost
 18434 | D:7      | Reached skill level 10 in Transmutations
 18673 | Orc:1    | Entered Level 1 of the Orcish Mines
 18673 | Orc:1    | Noticed an ettin
 18683 | Orc:1    | Slain by an ettin

Illustrated notes

Levels and vault maps discovered:
D:1:      lightli_arrival_lavapool, layout_basic
D:2:      layout_loops_ring, chequers_ecumenical_altar_twisty,
          kennysheep_doodads
D:3:      layout_basic, grunt_dithmenos_smoke, kennysheep_okawaru_gauntlet,
          fedhas_ov_isle_minmay, uniq_jessica
D:4:      layout_loops_ring, kennysheep_mini, minmay_temple_entry_steel_oval
D:5:      layout_gridville, nicolae_overflow_two_pavilions,
          overflow_temple_1_default, minmay_hollow_rounded_squares,
          uniq_eustachio, uniq_sigmund
D:6:      layout_loops_ring, zin_statuary, lemuel_doored_altar,
          minmay_misc_feat_chi
D:7:      layout_basic, gammafunk_ghost_stat_death, serial_demonic,
          serial_demonic_f, serial_demonic_f, serial_demonic_f,
          serial_demonic_g, serial_demonic_d, serial_demonic_e
D:8:      wander_river, layout_layer_cave
D:9:      layout_roguey, nicolae_sif_muna_condensation, dk_xom_monty_hall,
          zombieorc2_lemuel, serial_shops, shop, nicolae_take_the_stairs,
          kennysheep_little_box, minivault_4
D:10:     layout_loops_ring, dpeg_oklobed_lair
D:11:     gammafunk_boulding_lane, layout_small_grid, st_stairs_6
D:12:     layout_roguey, serial_shops, shop
D:13:     layout_loops_corners, erik_vaults_1, uniq_josephine
Lair:1:   layout_loops_ring, ebering_ghost_rock_garden,
          nzn_masters_of_martial_movement, lemuel_fruit_tree, uniq_grum,
          uniq_joseph
Orc:1:    layout_caves, basic_altar, serial_shops,
          nicolae_shop_overgrown_old_shop, uniq_jorgrun

Skill      XL: |  1  2  3  4  5  6  7  8  9 10 11 12 |
---------------+-------------------------------------+-----
Fighting       | 2 3 4 5 7 9 10 | 10.0
Transmutations | 3 4 5 7 8 9 10 | 10.0
Spellcasting   | 3 4 5 6 7 9 |  9.9
Unarmed Combat | 4 5 6 7 8 |  8.1
Invocations    | 2 3 4 6 |  6.0
Dodging        | 4 5 |  5.0
Earth Magic    | 3 4 |  4.4
Evocations     | 2 |  2.4

Action                   |  1- 3 |  4- 6 |  7- 9 | 10-12 || total
-------------------------+-------+-------+-------+-------++-------
Melee: Unarmed           |    85 |   167 |   406 |   562 ||  1220
       Kick              |    17 |    49 |   113 |   139 ||   318
       Punch             |     2 |     5 |    14 |    41 ||    62
       Headbutt          |    10 |    25 |    66 |    87 ||   188
       Tailslap          |     5 |    18 |    41 |   107 ||   171
       Short sword       |       |       |    18 |    74 ||    92
       Scimitar          |       |       |       |    22 ||    22
Throw: Boomerang         |       |    25 |       |       ||    25
       Dart              |       |       |       |     8 ||     8
 Cast: Beastly Appendage |    20 |    34 |    37 |    36 ||   127
       Wereblood         |       |       |    16 |    12 ||    28
       Blade Hands       |       |       |       |    21 ||    21
Invok: Heroism           |       |       |       |     2 ||     2
Evoke: Wand              |       |     4 |       |       ||     4
  Use: Scroll            |       |       |       |    26 ||    26
       Potion            |       |       |       |     1 ||     1
Armor: Skin              |    22 |    40 |   219 |   308 ||   589
Dodge: Dodged            |    46 |   105 |   299 |   510 ||   960
       Repelled          |       |     1 |     4 |     7 ||    12
